 Dungeon Crawl Stone Soup version 0.30.1-11-g7821555f0a (webtiles) character file.

Game seed: 16344155928191740176

52615 HOAXBANE the Skirmisher (level 15, -12/100 HPs)
             Began as a Human Artificer on Nov 18, 2023.
             Was an Elder of the Shining One.
             Mangled by Agnes
             ... wielding a +0 lajatang
              (32 damage)
             ... on level 1 of the Snake Pit on Nov 19, 2023.
             The game lasted 03:44:58 (24876 turns).

HOAXBANE the Skirmisher (Human Artificer)          Turns: 24876, Time: 03:44:58

Health: -12/100    AC: 10    Str: 15    XL:     15   Next: 6%
Magic:  20/21      EV: 24    Int: 20    God:    the Shining One [****..]
Gold:   1582       SH:  0    Dex: 34    Spells: 17/22 levels left

rFire   + . .        M - +10 shortbow of the Seven Ships {speed, Int+3 Dex+6}
rCold   + . .        (shield currently unavailable)
rNeg    + + .        V - +1 ring mail "Haxikhle" {rC+ Str+2 Dex+3}
rPois   +            X - +0 helmet "Qeprimn" {*Corrode rPois Dex+6}
rElec   +            D - scarf {repulsion}
rCorr   +            A - +0 pair of gloves
SInv    .            p - +0 pair of boots
Will    +....        h - amulet of regeneration
Stlth   +++          G - ring of protection from fire
HPRegen 1.16/turn    Y - ring "Umueppov" {rElec rCorr Int+4 Stlth+}
MPRegen 0.17/turn

%: corrode self (3%), repel missiles, clarity
@: glowing, unable to read
A: camouflage 1, clarity, subdued magic 1, inability to read after injury 1
a: Renounce Religion, Divine Shield, Cleansing Flame


You were on level 1 of the Snake Pit.
You worshipped the Shining One.
The Shining One was greatly pleased with you.
You visited 4 branches of the dungeon, and saw 20 of its levels.
You also visited: Trove, Bailey and Gauntlet.

You collected 2184 gold pieces.
You spent 602 gold pieces at shops.

Inventory:

Hand Weapons
 M - the +10 shortbow of the Seven Ships (weapon) {speed, Int+3 Dex+6}
   (You found it in a treasure trove)

   Int:       It affects your intelligence (+3).
   Dex:       It affects your dexterity (+6).
 Z - the +9 scimitar of Iconoclasm {freeze, Fly rPois Int-4}
   (You found it on level 5 of the Lair of Beasts)

   Int:       It affects your intelligence (-4).
   rPois:     It protects you from poison.
   Fly:       It grants you flight.
Missiles
 f - 9 atropa-tipped darts
 y - a throwing net
 z - 4 datura-tipped darts
 H - 5 curare-tipped darts
Armour
 p - a +0 pair of boots (worn)
 s - a +0 robe of resistance
 A - a +0 pair of gloves (worn)
 D - a scarf of repulsion (worn)
 R - a +2 robe of willpower
 V - the +1 ring mail "Haxikhle" (worn) {rC+ Str+2 Dex+3}
   (You found it on level 2 of the Lair of Beasts)

   Str:       It affects your strength (+2).
   Dex:       It affects your dexterity (+3).
   rC:        It protects you from cold.
 X - the +0 helmet "Qeprimn" (worn) {*Corrode rPois Dex+6}
   (You found it in a treasure trove)

   Dex:       It affects your dexterity (+6).
   rPois:     It protects you from poison.
   *Corrode:  It may corrode you when you take damage.
Jewellery
 h - an amulet of regeneration (around neck)
 x - a ring of willpower
 G - a ring of protection from fire (left hand)
 L - the ring "Qovedd" {rN+ Str+3 Int-4 Stlth+}
   (You found it on level 9 of the Dungeon)

   [ring of positive energy]

   Str:       It affects your strength (+3).
   Int:       It affects your intelligence (-4).
   rN:        It protects you from negative energy.
   Stlth:     It makes you more stealthy.
 P - a ring of flight
 S - a ring of ice
 U - the ring "Zydak" {Fire rElec Int+6}
   (You found it in a treasure trove)

   [ring of fire]

   It enhances your fire magic.
   Int:       It affects your intelligence (+6).
   rF:        It protects you from fire.
   rC:        It makes you vulnerable to cold.
   rElec:     It insulates you from electricity.
 W - the ring of Jomobill {Wiz rN++ rCorr MP-9}
   (You found it in a treasure trove)

   [ring of wizardry]

   It improves your spell success rate.
   rN:        It greatly protects you from negative energy.
   MP:        It affects your magic capacity (-9).
   rCorr:     It protects you from acid and corrosion.
 Y - the ring "Umueppov" (right hand) {rElec rCorr Int+4 Stlth+}
   (You found it in a treasure trove)

   [ring of resist corrosion]

   Int:       It affects your intelligence (+4).
   rElec:     It insulates you from electricity.
   rCorr:     It protects you from acid and corrosion.
   Stlth:     It makes you more stealthy.
Wands
 d - a wand of charming (2)
 e - a wand of iceblast (1)
 n - a wand of flame (3)
 r - a wand of digging (14)
 v - a wand of polymorph (6)
Scrolls
 g - a scroll of enchant armour {unknown}
 j - a scroll of enchant weapon {unknown}
 l - 7 scrolls of teleportation
 m - 9 scrolls of blinking
 o - 5 scrolls of fog
 t - 3 scrolls of poison
 C - a scroll of torment {unknown}
 E - 2 scrolls of amnesia
 F - 3 scrolls of fear
 I - a scroll of silence {unknown}
 N - 3 scrolls of immolation
Potions
 a - 3 potions of brilliance
 b - 2 potions of attraction {unknown}
 c - a potion of berserk rage {unknown}
 i - 2 potions of magic {unknown}
 k - 3 potions of ambrosia
 q - 2 potions of haste
 u - 8 potions of curing
 J - 4 potions of resistance
 O - 7 potions of heal wounds
Miscellaneous
 B - a piece from Xom's chessboard (10/15)
 K - a phantom mirror (inert)
 Q - a condenser vane


   Skills:
 - Level 4.0 Fighting
 - Level 6.0 Short Blades
 - Level 3.0 Maces & Flails
 + Level 13.9 Ranged Weapons
 - Level 6.0 Throwing
 - Level 4.0 Armour
 - Level 12.0 Dodging
 - Level 7.0 Stealth
 - Level 4.1 Spellcasting
 - Level 4.0 Conjurations
 - Level 6.0 Hexes
 + Level 5.3 Translocations
 - Level 6.0 Invocations
 - Level 6.0 Evocations


You had 17 spell levels left.
You knew the following spells:

 Your Spells              Type           Power      Damage    Failure   Level
a - Slow                  Hex            84%        N/A       1%          1
b - Searing Ray           Conj           30%        2d5       5%          2
c - Blink                 Tloc           38%        N/A       2%          2

Your spell library contained the following spells:

 Spells                   Type           Power      Damage    Failure   Level
 Apportation              Tloc           38%        N/A       1%          1
 Magic Dart               Conj           60%        1d6       3%          1
 Confusing Touch          Hex            21%        N/A       4%          3
 Ensorcelled Hibernation  Hex/Ice        24%        N/A       9%          2
 Necrotise                Necr           12%        1d4       21%         1
 Summon Small Mammal      Summ           12%        N/A       21%         1
 Manifold Assault         Tloc           19%        N/A       22%         4
 Stone Arrow              Conj/Erth      18%        3d8       26%         3
 Fulminant Prism          Conj/Hex       9%         3d7       26%         4
 Scorch                   Fire           6%         2d5       30%         2
 Ozocubu's Armour         Ice            3%         N/A       52%         3
 Spider Form              Tmut/Pois      3%         N/A       52%         3
 Vampiric Draining        Necr           3%         2d6       52%         3
 Anguish                  Hex/Necr       6%         N/A       52%         4
 Flame Wave               Conj/Fire      9%         2d6       67%         4
 Metabolic Englaciation   Hex/Ice        6%         N/A       86%         5
 Animate Armour           Summ/Erth      6%         N/A       91%         4
 Simulacrum               Ice/Necr       1%         N/A       100%        6
 Summon Cactus Giant      Summ           1%         N/A       100%        6
 Storm Form               Tmut/Air       1%         N/A       100%        7
 Lehudib's Crystal Spear  Conj/Erth      4%         10d3      100%        8


Dungeon Overview and Level Annotations

Branches:
Dungeon (13/15)            Temple (0/1) D:7            Lair (5/5) D:11
 Shoals (0/4) Lair:3        Snake (1/4) Lair:2        Slime (1/5) Lair:4
    Orc (0/2) D:12         Bailey (visited)         Gauntlet (visited)
 Vaults: D:13-14

Altars:
Cheibriados
Elyvilon
Gozag
Hepliaklqana
Nemelex Xobeh
Okawaru
Sif Muna
Uskayaw
Vehumet
Xom
The Shining One
Jiyva

Shops:
D:4 =   D:7 *   D:9 *   Snake:1 =

Annotations:
Snake:1 Agnes


Innate Abilities, Weirdness & Mutations

Your skin changes colour to match your surroundings (Stealth+).
You possess an exceptional clarity of mind.
Your spells are a little easier to cast, but a little less powerful.
You occasionally lose the ability to read scrolls when taking damage.


Message History

Unknown command.
Casting: Slow (safe; 1% risk of failure)
Confirm with . or Enter, or press ? or * to list all spells.
Okay, then.
Unknown command.
Casting: Slow (safe; 1% risk of failure)
Confirm with . or Enter, or press ? or * to list all spells.
You blink.
Agnes mutters, "I never trained for this."
Fire: M) +10 shortbow of the Seven Ships {speed, Int+3 Dex+6}
Press: ? - help, Q - select action, (/) - cycle Shift-Dir - straight line, f - Agnes
Aim: Agnes, wielding a +0 lajatang and wearing a +0 robe (fast, haloed, 70% to hit)
You shoot an arrow. The arrow hits Agnes.
Agnes is lightly wounded.
Agnes hits you with a +0 lajatang!! x2
You feel threatened and lose the ability to read scrolls!
* * * LOW HITPOINT WARNING * * *
You feel much better.
Your surroundings seem slightly different.
Unknown command.
Press: ? - help, v - describe, . - travel
Here: Agnes, wielding a +0 lajatang and wearing a +0 robe (lightly wounded, fast)
The floor.
Unknown command.
Aiming: Throw Flame
Press: ? - help, Shift-Dir - straight line, f/p - Agnes
Aim: Agnes, wielding a +0 lajatang and wearing a +0 robe (lightly wounded, fast, 42% to hit)
Okay, then.
Unknown command.
You make a move on Xom's chessboard...
Agnes flickers and vanishes!
Deactivating autopickup; reactivate with Ctrl-A.
You make a move on Xom's chessboard...
Nothing appears to happen.
You feel stable enough to blink again. Agnes hits you with a +0 lajatang.
Agnes completely misses you.
You make a move on Xom's chessboard...
Nothing appears to happen.
Agnes completely misses you. Agnes closely misses you. Agnes barely misses you.
Agnes attacks as you move away! Agnes hits you with a +0 lajatang!!
* * * LOW HITPOINT WARNING * * *
Agnes misses you. Agnes hits you with a +0 lajatang!!
You die...

##.......)................##
##...>.........#............##
##....########)##########.∩...#
#..÷.## #..# ####..# ..####
#..# #.## ...# #..##### ### ##
..## #####......##### ##. .##
#..............## #.. ##
##.......@i......# ##. #
###................### ##
##..#.####.....###....## #
##....## #########.....##
##....## ##.......## #....##
##...###...## ##...##
######>.§## #....# #...##
#........## ##...# #...#
........## #..)#


You could see Agnes (fast, invisible).

Vanquished Creatures
  Snorg (Lair:5)
  3 catoblepae (Lair:5)
  3 hydras
  Fannar (D:12)
  A centaur warrior (D:9)
  3 boulder beetles (D:11)
  An anaconda (Snake:1)
  3 two-headed ogres (D:11)
  6 death yaks
  A naga warrior (Snake:1)
  5 naga sharpshooters (Snake:1)
  2 skysharks
  A naga ritualist (Snake:1)
  A lindwurm (Lair:5)
  3 mana vipers (Snake:1)
  2 orc knights (Bailey)
  3 manticores
  A salamander (Snake:1)
  A cyclops (D:9)
  11 black mambas
  A naga mage (Snake:1)
  A gargoyle (D:12)
  A torpor snail (Lair:4)
  2 rime drakes
  A kobold demonologist (D:12)
  4 cane toads
  12 komodo dragons
  3 trolls
  3 polar bears
  A wind drake (Lair:3)
  A hornet (D:11)
  20 blink frogs
  5 dream sheep (Lair:4)
  33 yaks
  Sigmund (D:5)
  4 wraiths
  6 wyverns
  3 basilisks
  2 steam dragons
  2 acid dragons
  3 nagas (Snake:1)
  5 water moccasins
  3 ice beasts
  A sky beast (D:6)
  7 black bears
  An ogre (D:7)
  3 orc warriors
  7 centaurs
  2 phantoms
  7 kobold brigands
  8 bullfrogs
  5 scorpions
  3 wights (D:7)
  10 killer bees
  2 electric eels (D:9)
  5 howler monkeys
  4 hounds
  A jelly (D:7)
  5 orc priests
  2 iguanas
  A gnoll bouda (D:9)
  7 orc wizards
  A sleepcap (D:5)
  5 hell rats (Lair:3)
  10 gnolls
  6 adders
  An ufetubus (D:6)
  3 worms
  3 dart slugs
  36 orcs
  7 ball pythons
  4 bats
  11 endoplasms
  6 goblins
  8 hobgoblins
  2 quokkas
  2 frilled lizards
  26 kobolds
  4 rats
  2 butterflies (Lair:1)
388 creatures vanquished.

Vanquished Creatures (collateral kills)
  An anaconda (Snake:1)
  A naga sharpshooter (Snake:1)
  A black bear (D:11)
  An orc warrior (Bailey)
  2 kobold brigands
  An orc priest (D:4)
  An orc wizard (D:4)
  A hell rat (Lair:3)
  2 kobolds (D:11)
11 creatures vanquished.

Vanquished Creatures (others)
  An elephant (D:11)
  A black mamba (Snake:1)
  A kobold demonologist (D:12)
  A yak (D:11)
  2 basilisks (Lair:3)
  A kobold (D:12)
7 creatures vanquished.

Grand Total: 406 creatures vanquished

Notes
Turn   | Place    | Note
-------+----------+-------------------------------------------
     0 | D:1      | HOAXBANE the Human Artificer began the quest for the Orb.
     0 | D:1      | Reached XP level 1. HP: 15/15 MP: 1/1
   250 | D:1      | Reached XP level 2. HP: 16/21 MP: 2/2
   699 | D:2      | Reached XP level 3. HP: 27/27 MP: 3/3
   861 | D:2      | Found a glowing golden altar of the Shining One.
   869 | D:2      | Became a worshipper of the Shining One
   940 | D:2      | Reached skill level 1 in Maces & Flails
  1306 | D:2      | Reached XP level 4. HP: 33/33 MP: 4/4
  1784 | D:3      | Found a hazy altar of Hepliaklqana.
  2117 | D:3      | Reached XP level 5. HP: 29/39 MP: 5/5
  2916 | D:4      | Reached XP level 6. HP: 41/47 MP: 6/6
  3032 | D:4      | Learned a level 1 spell: Magic Dart
  3035 | D:4      | Learned a level 2 spell: Searing Ray
  3382 | D:4      | Noticed a black bear
  3387 | D:4      | Killed a black bear
  3388 | D:4      | Reached skill level 5 in Evocations
  3388 | D:4      | Reached XP level 7. HP: 54/54 MP: 7/7
  3421 | D:4      | Found Tuatoil's Jewellery Emporium.
  3442 | D:4      | Reached skill level 1 in Spellcasting
  3442 | D:4      | Reached skill level 1 in Conjurations
  3560 | D:4      | Reached * piety under the Shining One
  3930 | D:5      | Entered Level 5 of the Dungeon
  4164 | D:5      | Reached XP level 8. HP: 54/60 MP: 8/13
  4235 | D:5      | The Shining One protects you from harm!
  4433 | D:5      | Found a snail-covered altar of Cheibriados.
  4517 | D:5      | Found a shimmering altar of Xom.
  4798 | D:5      | Found a radiant altar of Vehumet.
  4973 | D:5      | Noticed Sigmund
  4999 | D:5      | Killed Sigmund
  5539 | D:5      | Found a sparkling altar of Nemelex Xobeh.
  5722 | D:5      | Gained mutation: You have hidden genetic defects. [potion
                  | of mutation]
  5722 | D:5      | Gained mutation: You are partially covered in iridescent
                  | scales. (AC +2) [potion of mutation]
  5787 | D:6      | Reached XP level 9. HP: 62/65 MP: 12/15
  5836 | D:6      | Found a hide-covered altar of Uskayaw.
  5989 | D:6      | Reached skill level 5 in Dodging
  6063 | D:6      | Gained mutation: You occasionally lose the ability to read
                  | scrolls when taking damage. [hidden defects]
  6446 | D:6      | Reached skill level 5 in Stealth
  6979 | D:6      | Reached skill level 1 in Short Blades
  6985 | D:6      | Gained mutation: You are dopey. (Int -2) [hidden defects]
  6985 | D:6      | Lost mutation: You have hidden genetic defects. [hidden
                  | defects expressed]
  7025 | D:7      | Found Baprap's General Store.
  7222 | D:7      | Bought a potion of mutation for 104 gold pieces
  7223 | D:7      | Lost mutation: You are partially covered in iridescent
                  | scales. (AC +2) [potion of mutation]
  7223 | D:7      | Lost mutation: You are dopey. (Int -2) [potion of mutation]
  7223 | D:7      | Gained mutation: You expend magic power (3 MP) to
                  | strengthen your wands. [potion of mutation]
  7223 | D:7      | Gained mutation: You are partially covered in iridescent
                  | scales. (AC +2) [potion of mutation]
  7223 | D:7      | Gained mutation: Your spells are a little easier to cast,
                  | but a little less powerful. [potion of mutation]
  7326 | D:7      | Found an opulent altar of Gozag.
  7372 | D:7      | Found a staircase to the Ecumenical Temple.
  8139 | D:7      | Reached XP level 10. HP: 57/71 MP: 9/16
  8561 | D:8      | Reached skill level 5 in Short Blades
  8838 | D:8      | Lost mutation: You occasionally lose the ability to read
                  | scrolls when taking damage. [potion of mutation]
  8838 | D:8      | Lost mutation: You are partially covered in iridescent
                  | scales. (AC +2) [potion of mutation]
  8838 | D:8      | Lost mutation: You expend magic power (3 MP) to strengthen
                  | your wands. [potion of mutation]
  8838 | D:8      | Gained mutation: You occasionally lose the ability to read
                  | scrolls when taking damage. [potion of mutation]
  8838 | D:8      | Gained mutation: Your skin changes colour to match your
                  | surroundings (Stealth+). [potion of mutation]
  8838 | D:8      | Gained mutation: You possess an exceptional clarity of
                  | mind. [potion of mutation]
  8881 | D:8      | Found a shimmering blue altar of Sif Muna.
  8968 | D:8      | Found a white marble altar of Elyvilon.
  9250 | D:8      | Reached skill level 1 in Invocations
  9744 | D:9      | Noticed a cyclops
  9792 | D:9      | Found an iron altar of Okawaru.
  9858 | D:9      | Killed a cyclops
  9874 | D:9      | Noticed a centaur warrior
 10014 | D:9      | Identified the ring "Qovedd" {rN+ Str+3 Int-4 Stlth+}
 10088 | D:9      | Found a flagged portal.
 10098 | Bailey   | Entered a bailey
 10517 | Bailey   | Noticed an orc knight
 10535 | Bailey   | Noticed an orc knight
 10551 | Bailey   | Killed an orc knight
 10552 | Bailey   | Reached XP level 11. HP: 31/77 MP: 12/17
 10576 | Bailey   | Killed an orc knight
 10831 | Bailey   | Found a bloodstained altar of Trog.
 11331 | D:9      | Found Vafasa's Assorted Antiques.
 11340 | D:9      | Bought 2 potions of heal wounds for 280 gold pieces
 11426 | D:9      | Killed a centaur warrior
 11866 | D:10     | Entered Level 10 of the Dungeon
 12390 | D:10     | Found a portal to a secret trove of treasure.
 12399 | Trove    | Entered a treasure trove
 12423 | Trove    | Identified the ring "Zydak" {Fire rElec Int+6}
 12429 | Trove    | Identified the ring of Jomobill {Wiz rN++ rCorr MP-9}
 12431 | Trove    | Identified the +0 helmet "Qeprimn" {*Corrode rPois Dex+6}
 12438 | Trove    | Identified the ring "Umueppov" {rElec rCorr Int+4 Stlth+}
 12465 | Trove    | Identified the +10 shortbow of the Seven Ships {speed,
                  | Int+3 Dex+6}
 12773 | D:10     | Reached skill level 1 in Ranged Weapons
 12811 | D:10     | Reached skill level 2 in Ranged Weapons
 13042 | D:11     | Noticed a boulder beetle
 13112 | D:11     | Paralysed by a hornet for 2 turns
 13116 | D:11     | Reached skill level 3 in Ranged Weapons
 13238 | D:11     | Noticed a boulder beetle
 13307 | D:11     | Noticed an elephant
 13337 | D:11     | Reached skill level 4 in Ranged Weapons
 13337 | D:11     | Killed a boulder beetle
 13338 | D:11     | Reached skill level 5 in Ranged Weapons
 13353 | D:11     | Found a staircase to the Lair.
 13441 | D:11     | Found a gate leading to a gauntlet.
 13450 | Gauntlet | Entered a Gauntlet
 13450 | Gauntlet | Found a transporter.
 13450 | Gauntlet | Found a transporter.
 13454 | Gauntlet | Found a transporter.
 13454 | Gauntlet | Found a transporter.
 13461 | Gauntlet | Noticed a necromancer
 13464 | Gauntlet | Found a transporter.
 13494 | Gauntlet | Found a transporter.
 13509 | Gauntlet | Found a transporter.
 13513 | Gauntlet | Noticed a worldbinder
 13526 | Gauntlet | Found a transporter.
 13539 | Gauntlet | Found a transporter.
 13547 | Gauntlet | Noticed a wizard
 13552 | Gauntlet | Noticed a wizard
 13555 | Gauntlet | Found a transporter.
 13673 | Gauntlet | Found a transporter.
 13678 | Gauntlet | Noticed a death scarab
 13690 | Gauntlet | Found a transporter.
 13703 | Gauntlet | Found a transporter.
 13713 | Gauntlet | Noticed a moth of wrath
 13722 | Gauntlet | Found a transporter.
 13799 | Gauntlet | Noticed a death scarab
 13804 | Gauntlet | Found a transporter.
 13810 | Gauntlet | Found a transporter.
 13930 | D:11     | Killed a boulder beetle
 13950 | D:11     | Noticed a two-headed ogre
 13957 | D:11     | Killed a two-headed ogre
 13958 | D:11     | Reached skill level 6 in Ranged Weapons
 14043 | D:11     | Reached XP level 12. HP: 83/83 MP: 18/18
 14117 | D:11     | Noticed a two-headed ogre
 14134 | D:11     | Killed a two-headed ogre
 14135 | D:11     | Reached skill level 7 in Ranged Weapons
 14155 | D:11     | Noticed a boulder beetle
 14162 | D:11     | Killed a boulder beetle
 14257 | D:11     | Noticed a two-headed ogre
 14268 | D:11     | Killed a two-headed ogre
 14269 | D:11     | Reached skill level 8 in Ranged Weapons
 14663 | D:12     | Noticed Fannar
 14857 | D:12     | Reached skill level 9 in Ranged Weapons
 15119 | D:12     | Killed Fannar
 15329 | D:12     | Noticed a sixfirhy
 15641 | D:12     | Found a staircase to the Orcish Mines.
 16327 | D:12     | Found a staircase to the Orcish Mines.
 16914 | D:12     | Found a staircase to the Orcish Mines.
 17174 | D:13     | Noticed a tengu warrior
 17215 | D:13     | Noticed a centaur warrior
 17215 | D:13     | Reached ** piety under the Shining One
 17273 | Lair:1   | Entered Level 1 of the Lair of Beasts
 17427 | Lair:1   | Learned a level 2 spell: Blink
 17472 | Lair:1   | Reached skill level 1 in Translocations
 17535 | Lair:1   | You fall into a shaft and drop 1 floor!
 17728 | Lair:2   | Identified the +1 ring mail "Haxikhle" {rC+ Str+2 Dex+3}
 18054 | Lair:2   | Found a staircase to the Snake Pit.
 18590 | Lair:3   | Reached XP level 13. HP: 85/88 MP: 19/19
 18598 | Lair:3   | Reached skill level 10 in Dodging
 18611 | Lair:3   | Found a staircase to the Shoals.
 19082 | Lair:3   | Noticed a six-headed hydra
 19169 | Lair:3   | Killed a six-headed hydra
 19926 | Lair:4   | Reached skill level 10 in Ranged Weapons
 20331 | Lair:4   | Found a staircase to the Slime Pits.
 20331 | Lair:4   | Found a viscous altar of Jiyva.
 20339 | Lair:4   | Reached skill level 11 in Ranged Weapons
 20350 | Slime:1  | Entered Level 1 of the Pits of Slime
 20350 | Slime:1  | Noticed a rockslime
 20350 | Slime:1  | Noticed an azure jelly
 20350 | Slime:1  | Reached *** piety under the Shining One
 20599 | Lair:5   | Entered Level 5 of the Lair of Beasts
 20620 | Lair:5   | Noticed an eight-headed hydra
 21179 | Lair:5   | Noticed Snorg
 21286 | Lair:5   | Reached skill level 12 in Ranged Weapons
 21290 | Lair:5   | Reached XP level 14. HP: 87/95 MP: 20/20
 21374 | Lair:5   | Learned a level 1 spell: Slow
 21488 | Lair:5   | Reached skill level 1 in Hexes
 21569 | Lair:5   | Killed Snorg
 22214 | Lair:5   | Reached skill level 13 in Ranged Weapons
 22588 | Lair:5   | Reached skill level 5 in Invocations
 22792 | Lair:5   | Identified the +9 scimitar of Iconoclasm {freeze, Fly rPois
                  | Int-4}
 23066 | Snake:1  | Entered Level 1 of the Snake Pit
 23221 | D:9      | Bought a scroll of identify for 56 gold pieces
 23285 | D:7      | Bought a scroll of blinking for 97 gold pieces
 23285 | D:7      | Bought a potion of heal wounds for 65 gold pieces
 23647 | Snake:1  | Reached skill level 5 in Hexes
 24006 | Snake:1  | Noticed Agnes
 24011 | Snake:1  | Found a glowing golden altar of the Shining One.
 24353 | Snake:1  | Found Xeunuwk's Jewellery Emporium.
 24621 | Snake:1  | Reached skill level 5 in Translocations
 24639 | Snake:1  | Reached **** piety under the Shining One
 24640 | Snake:1  | Reached XP level 15. HP: 100/100 MP: 21/21
 24876 | Snake:1  | Mangled by Agnes

Illustrated notes

Levels and vault maps discovered:
D:1:      dpeg_arrival_short_road, layout_loops_ring
D:2:      layout_basic, basic_altar, st_stairs_7
D:3:      layout_basic, mainiacjoe_overflow_surrounded_room
D:4:      layout_basic, serial_shops, shop
D:5:      layout_rooms, marbit_many_paths, old_standard_altar,
          mainiacjoe_overflow_catwalk_spiral, uniq_sigmund
D:6:      layout_loops_corners, eat_drink_and_be_merry_uskayaw
D:7:      layout_gridville, grunt_gozag_statues, minmay_temple_entry_mist,
          serial_shops, nicolae_shop_waterfront
D:8:      layout_basic, mainiacjoe_overflow_cross_hatched, elyvilon_altar_5,
          due_unseen_surprise
D:9:      statuecave_lemuel, layout_gridville, lemuel_round_altar, serial_shops,
          nicolae_shop_tiny_statue_garden, enter_bailey_4,
          minmay_fractal_squares_gapless_7
D:10:     layout_roguey, enter_trove_0
D:11:     layout_stronghold, david_lair_generic, gauntlet_entry_generic
D:12:     layout_irregular_city, hiddenorc1_lemuel, uniq_fannar
D:13:     layout_cave_pools, minmay_beelzebubs_servants
Lair:1:   layout_cave_pods, lemuel_old_faithful, lemuel_fruit_fields,
          serial_bayou_shore_b
Lair:2:   layout_roguey, dummy_snake_entry
Lair:3:   layout_roguey, minmay_shoals_entry_beasts, special_room
          [special_room_mythical_zoo]
Lair:4:   layout_cave_pods, slime_entry_1
Lair:5:   evilmike_catoblepas_cave, layout_hall_layers,
          infiniplex_staircase_pool_2, lemuel_fruit_tree, uniq_snorg
Snake:1:  layout_concentric_octagons, basic_altar,
          ebering_ghost_reflecting_pool, minmay_shop_enchanted_jewellery,
          uniq_agnes
Slime:1:  layout_caves

Skill      XL: |  1  2  3  4  5  6  7  8  9 10 11 12 13 14 15 |
---------------+----------------------------------------------+-----
Fighting       | 2 3 4 |  4.0
Maces & Flails | 1 2 3 |  3.0
Evocations     | 4 5 6 |  6.0
Spellcasting   | 3 4 |  4.1
Conjurations   | 2 4 |  4.0
Dodging        | 4 5 7 9 12 | 12.0
Armour         | 4 |  4.0
Stealth        | 6 7 |  7.0
Short Blades   | 4 6 |  6.0
Invocations    | 4 6 |  6.0
Throwing       | 2 6 |  6.0
Ranged Weapons | 6 9 12 13 | 13.9
Translocations | 3 5 |  5.3
Hexes          | 5 6 |  6.0

Action                     |  1- 3 |  4- 6 |  7- 9 | 10-12 | 13-15 || total
---------------------------+-------+-------+-------+-------+-------++-------
  Melee: Club              |    12 |       |       |       |       ||    12
         Dagger            |     8 |       |       |       |       ||     8
         Mace              |    58 |   135 |   205 |       |       ||   398
         Punch             |       |     2 |     8 |     5 |       ||    15
         Short sword       |       |       |    76 |   276 |       ||   352
         Rapier            |       |       |       |     6 |       ||     6
   Fire: Shortbow          |       |       |       |   286 |   673 ||   959
  Throw: Throwing net      |       |       |     3 |       |       ||     3
         Dart              |       |       |    10 |    22 |       ||    32
   Cast: Magic Dart        |       |     9 |    27 |    37 |       ||    73
         Searing Ray       |       |       |    23 |    30 |       ||    53
         Blink             |       |       |       |     2 |    11 ||    13
         Slow              |       |       |       |       |     2 ||     2
 Invoke: Divine Shield     |       |       |     2 |     5 |       ||     7
  Evoke: Wand              |       |    10 |     7 |    22 |     3 ||    42
         Phantom mirror    |       |       |       |     3 |     2 ||     5
         Condenser vane    |       |       |       |     1 |     1 ||     2
         Piece from Xom's  |       |       |       |     1 |     6 ||     7
    Use: Scroll            |       |       |     9 |    11 |     5 ||    25
         Potion            |       |       |     2 |    11 |     2 ||    15
   Stab: Sleeping          |     1 |       |       |       |       ||     1
 Armour: Leather armour    |    24 |    57 |   125 |     8 |       ||   214
         Steam dragon scal |       |       |    30 |    48 |       ||    78
         Skin              |       |       |       |    15 |       ||    15
         Ring mail         |       |       |       |     4 |    27 ||    31
         Robe              |       |       |       |     3 |       ||     3
  Dodge: Dodged            |    52 |    95 |   266 |   278 |   136 ||   827
         Repelled          |       |       |       |     2 |     4 ||     6
  Block: Other             |       |       |    12 |    29 |     4 ||    45
